 Dungeon Crawl Stone Soup version 0.31-a0-233-g139696dc86 (webtiles) character file.

Game seed: 16200199222932116356

2891 qw the Skirmisher (level 9, -1/56 HPs)
             Began as a Gargoyle Hexslinger on July 7, 2023.
             Was a Believer of Okawaru.
             Slain by a yak (9 damage)
             ... on level 7 of the Dungeon.
             The game lasted 00:02:24 (4600 turns).

qw the Skirmisher (Gargoyle Hexslinger)             Turns: 4600, Time: 00:02:25

Health: -1/56      AC: 20    Str: 12    XL:     9   Next: 77%
Magic:  11/12      EV: 16    Int: 12    God:    Okawaru [**....]
Gold:   316        SH:  0    Dex: 23    Spells: 9/10 levels left

rFire   . . .        k - +0 orcbow
rCold   . . .        (shield currently unavailable)
rNeg    + + .        d - +0 ring mail
rPois   inf          i - +0 helmet
rElec   +            (no cloak)
rCorr   .            m - +2 pair of gloves of the Sun {rPois Int-2 Dex+7}
SInv    .            (no boots)
Will    .....        c - amulet of regeneration
Stlth   +++          l - ring of positive energy
HPRegen 1.09/turn    (no ring)
MPRegen 0.13/turn

%: no passive effects
@: about to teleport, heroic
A: sickness immunity, AC +6, negative energy resistance 1, electricity
resistance, torment resistance 1, petrification resistance, iridescent scales 1
a: Renounce Religion, Heroism


You were on level 7 of the Dungeon.
You worshipped Okawaru.
Okawaru was pleased with you.
You visited 1 branch of the dungeon, and saw 7 of its levels.

You collected 316 gold pieces.


Innate Abilities, Weirdness & Mutations

You are immune to sickness and miasma.
Your stone body is resilient. (AC +6)
You are immune to poison.
You resist negative energy. (rN+)
You are resistant to electric shocks. (rElec)
You are resistant to unholy torment.
You are immune to petrification.
You are partially covered in iridescent scales. (AC +2)


   Skills:
 + Level 6.5(11.5) Fighting
 - Level 10.2(15.2) Ranged Weapons
 - Level 3.7(8.7) Armour
 - Level 3.0(8.0) Dodging
 - Level 1.0 Spellcasting
 - Level 2.6 Hexes
 - Level 4.0 Invocations


You had 9 spell levels left.
You knew the following spells:

 Your Spells              Type           Power      Damage    Failure   Level
a - Slow                  Hex            28%        N/A       19%         1

Your spell library contained the following spells:

 Spells                   Type           Power      Damage    Failure   Level
 Inner Flame              Hex/Fire       3%         N/A       69%         3
 Portal Projectile        Hex/Tloc       6%         N/A       69%         3
 Cause Fear               Hex            3%         N/A       88%         4

Inventory:

Hand Weapons
 k - a +0 orcbow (weapon)
Armour
 d - a +0 ring mail (worn)
 i - a +0 helmet (worn)
 m - the +2 pair of gloves of the Sun (worn) {rPois Int-2 Dex+7}
   (You found it on level 4 of the Dungeon)

   Int:       It affects your intelligence (-2).
   Dex:       It affects your dexterity (+7).
   rPois:     It protects you from poison.
Jewellery
 c - an amulet of regeneration (around neck)
 l - a ring of positive energy (left hand)
Scrolls
 a - a scroll of identify
 e - a scroll of teleportation
Potions
 b - a potion of resistance
 f - 5 potions of curing
 g - a potion of ambrosia {unknown}
 h - a potion of brilliance {unknown}
 j - a potion of enlightenment {unknown}
 o - a potion of haste

Dungeon Overview and Level Annotations

Branches:
Dungeon (7/15)             Temple (0/1) D:6

Altars:
Cheibriados
Gozag
Kikubaaqudgha
Makhleb
Okawaru
Trog
Yredelemnul

Shops:
D:2 =


Message History

The yak is heavily wounded.
The yak gores you but does no damage. The yak barely misses you.
You shoot an arrow. The arrow hits the yak!
The yak is almost dead.
The yak gores you. The yak gores you!
You shoot an arrow. The arrow hits the yak!
You kill the yak!
Okawaru accepts your kill.
The yak gores you. x2; The yak gores you but does no damage.
4591 ||| INVOKING Heroism.
You gain the combat prowess of a mighty hero.
The yak closely misses you. x2
You shoot an arrow.
The arrow hits the yak but does no damage.
The yak gores you! x2
You shoot an arrow.
The arrow hits the yak but does no damage.
You shoot an arrow.
The arrow hits the yak but does no damage.
The yak gores you. x2
You shoot an arrow. The arrow hits the yak.
The yak is lightly wounded.
The yak closely misses you. x2
You shoot an arrow. The arrow hits the yak!
The yak is moderately wounded.
The yak gores you but does no damage. x2
You shoot an arrow.
The arrow hits the yak but does no damage.
The yak is moderately wounded.
The yak misses you. The yak gores you.
You shoot an arrow. The arrow hits the yak!
The yak is severely wounded.
The yak gores you! The yak closely misses you.
4599 ||| READING 2 scrolls of teleportation.
As you read the scroll of teleportation, it crumbles to dust.
You feel strangely unstable. The yak gores you but does no damage.
The yak gores you.
You shoot an arrow. The arrow barely misses the yak.
The yak gores you!
You die...

.# .. .# .##.##
.# #.....# .#
#.....# .#
###.....####.#
...........#Y#
...........@Y#
....._......##
...........###.#
.................
###.....#########
#.....#
#.....####
#.#......#
#.#.####.#


You could see 2 yaks.

Vanquished Creatures
  Prince Ribbit (D:5)
  3 yaks (D:7)
  A black bear (D:6)
  An ice beast (D:6)
  A sky beast (D:6)
  4 ogres
  A phantom (D:6)
  A centaur (D:6)
  3 necrophages (D:6)
  2 scorpions (D:5)
  A gnoll sergeant (D:5)
  A bullfrog (D:6)
  A water moccasin zombie (D:6)
  5 wights (D:6)
  2 centaur zombies (D:6)
  A bullfrog zombie (D:6)
  4 hounds
  A human zombie (D:6)
  A jelly (D:5)
  3 sleepcaps
  3 iguanas
  A mummy (D:6)
  A howler monkey zombie (D:6)
  15 gnolls
  6 adders
  A shadow imp (D:5)
  2 white imps
  An ufetubus (D:5)
  4 worms
  3 dart slugs
  3 orcs (D:5)
  8 endoplasms
  2 giant cockroaches
  7 hobgoblins
  7 jackals
  7 quokkas
  A ball python (D:4)
  4 bats
  2 frilled lizards (D:3)
  10 goblins
  5 kobolds
  7 rats
138 creatures vanquished.

Notes
Turn   | Place    | Note
-------+----------+-------------------------------------------
     0 | D:1      | qw the Gargoyle Hexslinger began the quest for the Orb.
     0 | D:1      | Reached XP level 1. HP: 12/12 MP: 2/2
     0 | D:1      | 0 ||| qw: Version: 0.3-a-46-gb1f654a
     0 | D:1      | 0 ||| qw: Game counter: 3050
     0 | D:1      | 0 ||| qw: Melee chars always use a shield: true
     0 | D:1      | 0 ||| qw: God list: Okawaru
     0 | D:1      | 0 ||| qw: Allow faded altars: false
     0 | D:1      | 0 ||| qw: Do Orc after clearing Dungeon:15 true
     0 | D:1      | 0 ||| qw: Do second Lair branch before Depths: true
     0 | D:1      | 0 ||| qw: Lair rune preference: random
     0 | D:1      | 0 ||| qw: Goals: Normal
     0 | D:1      | 0 ||| PLANNING D:1-11
    77 | D:1      | Reached XP level 2. HP: 11/16 MP: 3/3
   136 | D:1      | Reached skill level 3 in Ranged Weapons
   237 | D:1      | Found a faded altar of an unknown god.
   317 | D:1      | Reached XP level 3. HP: 13/21 MP: 4/4
   640 | D:1      | 640 ||| UPGRADING to +0 leather armour.
   650 | D:1      | 650 ||| DROPPING +0 robe.
   651 | D:1      | 651 ||| UPGRADING to +0 helmet.
   656 | D:1      | 656 ||| UPGRADING to ring of positive energy.
   657 | D:1      | 657 ||| READING 2 scrolls labelled HEMIYC FA OZU.
   658 | D:1      | 658 ||| READING scroll labelled NAEQYL PIXTAE.
   663 | D:1      | 663 ||| READING 2 scrolls labelled PUROLL OSATT.
   664 | D:1      | 664 ||| READING scroll of enchant weapon.
   664 | D:1      | 664 ||| ENCHANTING +2 sling.
   665 | D:1      | 665 ||| READING scroll labelled HUUTAY UREUNIU.
   666 | D:1      | 666 ||| READING scroll labelled EXANUJ IXZOTE.
   667 | D:1      | 667 ||| DRINKING 2 silvery potions.
   668 | D:1      | 668 ||| DROPPING scroll of poison.
   980 | D:2      | Found Soluun's One-of-a-Kind Rings.
   987 | D:2      | 987 ||| SHOPLISTING +2 ring of protection (140 gold, have
                  | 103).
   987 | D:2      | 987 ||| SHOPLISTING +3 ring of dexterity (140 gold, have
                  | 103).
   987 | D:2      | 987 ||| SHOPLISTING +3 ring of slaying (630 gold, have
                  | 103).
   987 | D:2      | 987 ||| SHOPLISTING +7 ring of dexterity (630 gold, have
                  | 103).
   987 | D:2      | 987 ||| SHOPLISTING +7 ring of strength (630 gold, have
                  | 103).
   987 | D:2      | 987 ||| SHOPLISTING ring "Muphymily" {*Corrode +Blink
                  | Will++ EV+5} (817 gold, have 103).
   987 | D:2      | 987 ||| SHOPLISTING ring "Zaashuch" {Wiz Str+3 Int+2} (665
                  | gold, have 103).
  1017 | D:2      | Reached XP level 4. HP: 26/26 MP: 5/5
  1043 | D:2      | 1043 ||| READING scroll of enchant weapon.
  1043 | D:2      | 1043 ||| ENCHANTING +3 sling.
  1063 | D:2      | Reached skill level 4 in Ranged Weapons
  1340 | D:2      | 1340 ||| UPGRADING to +0 ring mail.
  1350 | D:2      | 1350 ||| DROPPING +0 leather armour.
  1351 | D:2      | 1351 ||| READING scroll labelled KUODUDU PUISK.
  1413 | D:3      | Reached skill level 1 in Armour
  2048 | D:3      | Reached XP level 5. HP: 22/30 MP: 6/6
  2090 | D:3      | 2090 ||| UPGRADING to +0 pair of gloves.
  2095 | D:3      | 2095 ||| UPGRADING to amulet of regeneration.
  2100 | D:3      | 2100 ||| READING 2 scrolls labelled SEMI DYRUSCHO.
  2101 | D:3      | 2101 ||| DRINKING 2 murky blue potions.
  2101 | D:3      | Gained mutation: You are frail. (-10% HP) [potion of
                  | mutation]
  2102 | D:3      | 2102 ||| DRINKING potion of mutation.
  2102 | D:3      | Lost mutation: You are frail. (-10% HP) [potion of
                  | mutation]
  2102 | D:3      | Gained mutation: You are partially covered in iridescent
                  | scales. (AC +2) [potion of mutation]
  2105 | D:3      | 2105 ||| READING 2 scrolls of identify.
  2105 | D:3      | 2105 ||| IDENTIFYING fuming grey potion
  2106 | D:3      | 2106 ||| DROPPING scroll of immolation.
  2151 | D:4      | Found an ancient bone altar of Kikubaaqudgha.
  2192 | D:4      | Reached skill level 5 in Ranged Weapons
  2232 | D:4      | Reached skill level 3 in Fighting
  2235 | D:4      | Identified the +2 pair of gloves of the Sun {rPois Int-2
                  | Dex+7}
  2390 | D:4      | Noticed an ogre
  2397 | D:4      | Killed an ogre
  2398 | D:4      | Reached XP level 6. HP: 20/37 MP: 7/7
  2436 | D:4      | Found a burning altar of Makhleb.
  3034 | D:4      | 3034 ||| UPGRADING to +2 pair of gloves of the Sun {rPois
                  | Int-2 Dex+7}.
  3044 | D:4      | 3044 ||| DROPPING +0 pair of gloves.
  3045 | D:4      | 3045 ||| DROPPING amulet of the acrobat.
  3046 | D:4      | 3046 ||| READING scroll labelled KEX URHAXABBI.
  3051 | D:4      | 3051 ||| DRINKING 2 smoky red potions.
  3100 | D:5      | Entered Level 5 of the Dungeon
  3112 | D:5      | Found an iron altar of Okawaru.
  3112 | D:5      | Noticed Prince Ribbit
  3113 | D:5      | 3113 ||| PLANNING OKAWARU WORSHIP
  3127 | D:5      | Killed Prince Ribbit
  3128 | D:5      | Reached skill level 6 in Ranged Weapons
  3128 | D:5      | Reached XP level 7. HP: 41/41 MP: 8/8
  3131 | D:5      | Became a worshipper of Warmaster Okawaru
  3132 | D:5      | 3132 ||| PLANNING D:1-11
  3195 | D:5      | Reached skill level 7 in Ranged Weapons
  3279 | D:5      | Reached XP level 8. HP: 39/48 MP: 9/9
  3420 | D:5      | Reached * piety under Okawaru
  3421 | D:5      | Reached skill level 8 in Ranged Weapons
  3513 | D:5      | Found a bloodstained altar of Trog.
  3515 | D:5      | 3515 ||| INVOKING Heroism.
  3640 | D:6      | Reached skill level 1 in Invocations
  3655 | D:6      | 3655 ||| INVOKING Heroism.
  3713 | D:6      | Reached skill level 3 in Invocations
  3794 | D:6      | Reached skill level 9 in Ranged Weapons
  3794 | D:6      | Reached XP level 9. HP: 54/54 MP: 11/11
  3811 | D:6      | 3811 ||| INVOKING Heroism.
  3858 | D:6      | Found an opulent altar of Gozag.
  3859 | D:6      | 3859 ||| SWAPPING to +0 orcbow.
  3860 | D:6      | 3860 ||| DROPPING +4 sling.
  3916 | D:6      | 3916 ||| FLEEEEING.
  3917 | D:6      | 3917 ||| FLEEEEING.
  3918 | D:6      | 3918 ||| FLEEEEING.
  3919 | D:6      | 3919 ||| FLEEEEING.
  3920 | D:6      | 3920 ||| FLEEEEING.
  4006 | D:6      | Reached skill level 6 in Fighting
  4111 | D:6      | Found a staircase to the Ecumenical Temple.
  4182 | D:6      | Reached skill level 3 in Dodging
  4189 | D:6      | Found a basalt altar of Yredelemnul.
  4246 | D:6      | Reached ** piety under Okawaru
  4539 | D:7      | Found a snail-covered altar of Cheibriados.
  4572 | D:7      | Reached skill level 10 in Ranged Weapons
  4587 | D:7      | Reached skill level 3 in Armour
  4591 | D:7      | 4591 ||| INVOKING Heroism.
  4598 | D:7      | HP: 7/56 [yak (12)]
  4599 | D:7      | 4599 ||| READING 2 scrolls of teleportation.
  4600 | D:7      | Slain by a yak

Levels and vault maps discovered:
D:1:      dpeg_arrival_three_same_balls, layout_rooms,
          hellmonk_ecumenical_altar_crossroads, corner_web_ring,
          interstate_on_off, minmay_hexomino_u4
D:2:      kennysheep_big_flooded_room, layout_basic, minmay_misc_feat_alley,
          hangedman_decor_slide_cut, nicolae_shop_unique_rings,
          minmay_statues_item
D:3:      layout_loops_corners, minmay_cut_off
D:4:      layout_basic, mainiacjoe_overflow_catwalk,
          mainiacjoe_overflow_brackets
D:5:      layout_rooms, trog_book, overflow_temple_1_default,
          uniq_prince_ribbit1
D:6:      layout_basic, lemuel_mausoleum_altar_yredelemnul,
          mainiacjoe_overflow_24_doors, minmay_temple_entry_mist,
          nicolae_kite_square_tiling_tiny, kennysheep_generic_room_10
D:7:      layout_loops_ring, overflow_temple_1_default, slow_altar_1,
          mainiacjoe_overflow_alcove_1, chequers_serial_rivers_large_b,
          grunt_decor_fettered, hellmonk_guarded_unrand_vitality_bloodlust,
          uniq_joseph

Skill      XL: |  1  2  3  4  5  6  7  8  9 |
---------------+----------------------------+-----
Ranged Weapons | 3 4 5 6 7 9 10 | 10.2
Fighting       | 2 3 4 5 6 |  6.5
Armour         | 1 2 3 |  3.7
Dodging        | 2 3 |  3.0
Invocations    | 3 4 |  4.0
Spellcasting   | |  1.0
Hexes          | |  2.6

Action                     |  1- 3 |  4- 6 |  7- 9 || total
---------------------------+-------+-------+-------++-------
   Fire: Sling             |   141 |   134 |   206 ||   481
         Orcbow            |       |       |   136 ||   136
 Invoke: Heroism           |       |       |     4 ||     4
    Use: Scroll            |     6 |     5 |     1 ||    12
         Potion            |     1 |     3 |       ||     4
 Armour: Robe              |    28 |       |       ||    28
         Leather armour    |    31 |     5 |       ||    36
         Ring mail         |       |    20 |    99 ||   119
  Dodge: Dodged            |    77 |    26 |   118 ||   221

Table legend:
 A = Non-vault XP
 B = Vault XP
 C = Vault XP percentage of total XP
 D = Non-vault monster count
 E = Vault monster count
 F = Vault count percentage of total count
                 A         B        C        D         E       F
            +---------+---------+-------+---------+---------+-------
      Total |    2996 |    1134 |  27.5 |     111 |      27 |  19.6
            +---------+---------+-------+---------+---------+-------
        D:1 |      39 |      10 |  20.4 |      22 |       5 |  18.5
        D:2 |      54 |       3 |   5.3 |      16 |       2 |  11.1
        D:3 |      65 |      20 |  23.5 |      13 |       5 |  27.8
        D:4 |     250 |       0 |   0.0 |      15 |       0 |   0.0
        D:5 |     879 |     259 |  22.8 |      22 |       1 |   4.3
        D:6 |    1064 |     837 |  44.0 |      19 |      13 |  40.6
        D:7 |     645 |       5 |   0.8 |       4 |       1 |  20.0
            +---------+---------+-------+---------+---------+-------
